 Dungeon Crawl Stone Soup version 0.20.1-1-g8b1a95d (webtiles) character file.

1841 HuneSparrow the Slasher (level 8, -2/63 HPs)
             Began as a Demonspawn Fighter on July 22, 2017.
             Slain by an ogre
             ... wielding a +0 giant club
              (8 damage)
             ... on level 5 of the Dungeon.
             The game lasted 00:19:49 (6261 turns).

HuneSparrow the Slasher (Demonspawn Fighter)        Turns: 6261, Time: 00:19:50

Health: -2/63      AC: 17    Str: 18    XL:     8   Next: 87%
Magic:  8/8        EV:  5    Int:  9    God:
Gold:   282        SH: 10    Dex: 14    Spells: 7/7 levels left

rFire    . . .     SeeInvis .   a - +0 long sword
rCold    . . .     Gourm    .   c - +0 shield
rNeg     + . .     Faith    .   d - +0 plate armour
rPois    +         Spirit   .   (helmet restricted)
rElec    .         Reflect  .   (no cloak)
rCorr    .         Harm     .   q - +0 pair of gloves
MR       .....                  r - +0 pair of boots
Stlth    ..........             (no amulet)
Regen    0.2/turn               w - ring of poison resistance
MPRegen  0.2/turn               A - ring of positive energy

@: no status effects
A: antennae 1, slimy green scales 2, powered by death 1
a: no special abilities


You were on level 5 of the Dungeon.
You were not hungry.

You visited 2 branches of the dungeon, and saw 7 of its levels.

You collected 282 gold pieces.

Inventory:

Hand Weapons
 a - a +0 long sword (weapon)
Armour
 b - a +0 scale mail
 c - a +0 shield (worn)
 d - a +0 plate armour (worn)
 q - a +0 pair of gloves (worn)
 r - a +0 pair of boots (worn)
Jewellery
 w - a ring of poison resistance (left hand)
 A - a ring of positive energy (right hand)
Scrolls
 e - a scroll of identify
 h - a scroll of amnesia {unknown}
 j - 8 scrolls of teleportation
 k - 2 scrolls of enchant weapon {unknown}
 p - 2 scrolls of fog {unknown}
 v - 2 scrolls of remove curse {unknown}
 x - a scroll of random uselessness {unknown}
 y - a scroll of recharging {unknown}
Potions
 g - 2 potions of mutation {unknown}
 i - a potion of agility
 l - 2 potions of curing
 m - a potion of lignification
 t - 2 potions of brilliance
 u - a potion of haste {unknown}
 B - a potion of magic {unknown}
 D - a potion of berserk rage {unknown}
Books
 n - a book of Minor Magic

   Spells                             Type                      Level
   a - Magic Dart                     Conjuration                  1
   b - Blink                          Translocation                2
   c - Call Imp                       Summoning                    2
   d - Slow                           Hexes                        2
   e - Conjure Flame                  Conjuration/Fire             3
   f - Mephitic Cloud                 Conjuration/Poison/Air       3
 z - a book of Necromancy

   Spells                             Type                      Level
   a - Pain                           Necromancy                   1
   b - Animate Skeleton               Necromancy                   1
   c - Vampiric Draining              Necromancy                   3
   d - Regeneration                   Charms/Necromancy            3
   e - Animate Dead                   Necromancy                   4
   f - Control Undead                 Necromancy                   4
Comestibles
 f - 4 bread rations
 o - 2 royal jellies
 s - a meat ration


   Skills:
 + Level 5.6 Fighting
 * Level 6.1 Long Blades
 + Level 5.0 Armour
 + Level 3.9 Dodging
 + Level 5.1 Shields


You had 7 spell levels left.
You didn't know any spells.

Dungeon Overview and Level Annotations

Branches:
Dungeon (6/15)             Temple (1/1) D:5

Altars:
Ashenzari
Cheibriados
Dithmenos
Elyvilon
Fedhas
Gozag
Hepliaklqana
Kikubaaqudgha
Nemelex Xobeh
Okawaru
Ru
Sif Muna
Trog
Uskayaw
Yredelemnul
Zin
The Shining One


Innate Abilities, Weirdness & Mutations

You have a pair of small antennae on your head.
You are mostly covered in slimy green scales. (AC +3)
You regenerate a little health from kills.


Message History

You barely miss the ogre.
The ogre is heavily wounded.
You block the ogre's attack.
You hit the ogre but do no damage.
The ogre is heavily wounded.
You block the ogre's attack.
You hit the ogre.
The ogre is heavily wounded.
You block the ogre's attack.
You barely miss the ogre.
The ogre is heavily wounded.
You block the ogre's attack.
You slash the ogre!
The ogre is almost dead.
The ogre hits you with a giant club!
* * * LOW HITPOINT WARNING * * *
Your shield and plate armour prevent you from hitting the ogre.
The ogre is almost dead.
The ogre hits you with a giant club!
You die...

#..###.#.###..###.#####.#.....#..
.......#...).## #.####...#...##.#
##....###..#.# #........######..
#####......#.# ######)..# #.#
...........#.# #...# #..
.###########.###### #...# ###
.###### ###......# #...# #.
......# ##........####...#######.
......###....#..@).<.............
#.#.......#.....O)...............
......###....##..................
#.#...# ##.#.###..####...#######<
.....## #........# #...# #.
#.#.## #.######## #...# #. ....#
#.# ###...### #. ##########.#
####.......# #. #......##.#
#........#.#####.


You could see an ogre.

Vanquished Creatures
  The ghost of Energizer the Slasher, a novice DsCK of Xom (D:5)
  Menkaure (D:4)
  An orc warrior (D:5)
  3 ogres
  3 phantoms (D:5)
  2 howler monkeys
  A vampire bat (D:4)
  A crimson imp (D:5)
  2 bullfrog zombies (D:5)
  A gnoll shaman (D:6)
  An orc priest (D:3)
  7 orc wizards
  A bullfrog skeleton (D:5)
  An iguana (D:4)
  A worker ant (D:3)
  3 hound skeletons
  11 gnolls
  5 adders
  An ooze (D:5)
  2 worms
  A dart slug (D:2)
  3 leopard geckos (D:2)
  19 orcs
  13 bats
  4 giant cockroaches
  10 goblins
  4 hobgoblins
  3 quokkas
  2 ball pythons (D:4)
  4 frilled lizards
  7 kobolds
  10 rats
129 creatures vanquished.

Vanquished Creatures (others)
  A human (D:2)
  2 fungi (D:6)
3 creatures vanquished.

Grand Total: 132 creatures vanquished

Notes
Turn   | Place    | Note
-------+----------+-------------------------------------------
     0 | D:1      | HuneSparrow the Demonspawn Fighter began the quest for the Orb.
     0 | D:1      | Reached XP level 1. HP: 18/18 MP: 1/1
   388 | D:1      | Gained mutation: You have a pair of small antennae on your head. [demonic ancestry]
   388 | D:1      | Reached XP level 2. HP: 22/24 MP: 2/2
   443 | D:1      | Reached skill level 2 in Long Blades
   938 | D:2      | Found an opulent altar of Gozag.
  1162 | D:2      | Reached XP level 3. HP: 21/29 MP: 3/3
  1165 | D:2      | Found an ancient bone altar of Kikubaaqudgha.
  1182 | D:2      | Noticed a human
  1183 | D:2      | Killed a human
  1634 | D:2      | Found a faded altar of an unknown god.
  1784 | D:3      | Gained mutation: You regenerate a little health from kills. [demonic ancestry]
  1784 | D:3      | Reached XP level 4. HP: 25/35 MP: 4/4
  2057 | D:3      | Reached skill level 1 in Dodging
  2231 | D:3      | Reached skill level 3 in Long Blades
  2243 | D:3      | Reached XP level 5. HP: 38/41 MP: 5/5
  2666 | D:4      | Noticed Menkaure
  2673 | D:4      | Killed Menkaure
  2673 | D:4      | Gained mutation: You are partially covered in slimy green scales. (AC +2) [demonic ancestry]
  2673 | D:4      | Reached XP level 6. HP: 20/48 MP: 6/6
  3071 | D:4      | Reached skill level 4 in Long Blades
  3200 | D:4      | Found a white marble altar of Elyvilon.
  3470 | D:4      | Gained mutation: You are mostly covered in slimy green scales. (AC +3) [demonic ancestry]
  3470 | D:4      | Reached XP level 7. HP: 53/54 MP: 7/7
  3682 | D:5      | Entered Level 5 of the Dungeon
  4015 | D:5      | Found a staircase to the Ecumenical Temple.
  4021 | Temple   | Entered the Ecumenical Temple
  4469 | D:5      | Noticed Energizer's ghost (novice DsCK)
  4485 | D:5      | Killed Energizer's ghost
  4485 | D:5      | Reached skill level 5 in Long Blades
  4485 | D:5      | Reached XP level 8. HP: 45/61 MP: 3/8
  4507 | D:5      | Reached skill level 5 in Fighting
  4657 | D:5      | Found a sparkling altar of Nemelex Xobeh.
  4832 | D:6      | Found a blossoming altar of Fedhas.
  5160 | D:5      | HP: 3/62 [orc warrior/battleaxe (15)]
  5617 | D:6      | Reached skill level 6 in Long Blades
  5617 | D:6      | Reached skill level 5 in Shields
  5656 | D:6      | Reached skill level 5 in Armour
  5707 | D:6      | Found a shadowy altar of Dithmenos.
  6261 | D:5      | Slain by an ogre

Skill      XL: |  1  2  3  4  5  6  7  8 |
---------------+-------------------------+-----
Long Blades    | 2 3 4 5 6 |  6.1
Shields        | 3 4 5 |  5.1
Armour         | 3 4 5 |  5.0
Dodging        | 1 2 3 |  3.9
Fighting       | 4 5 |  5.6

Action                   |  1- 3 |  4- 6 |  7- 9 || total
-------------------------+-------+-------+-------++-------
Melee: Long sword        |   154 |   149 |   360 ||   663
  Use: Scroll            |     5 |     1 |       ||     6
       Potion            |       |     2 |     3 ||     5
  Eat: Chunk             |     3 |     5 |     6 ||    14
       Bread ration      |       |       |     1 ||     1
Armor: Scale mail        |    76 |    68 |   135 ||   279
       Plate armour      |       |       |    26 ||    26
Dodge: Dodged            |    41 |    46 |   115 ||   202
Block: Shield            |    85 |    96 |   215 ||   396
       Rpst.: Long sword |    14 |    13 |    30 ||    57
